 Dungeon Crawl Stone Soup version 0.21.1-1-g345015f (webtiles) character file.

168 Inarius the Ruffian (level 5, -9/46 HPs)
             Began as a Ghoul Monk on Feb 5, 2018.
             Mangled by shakethe's ghost (10 damage)
             ... on level 3 of the Dungeon.
             The game lasted 00:06:12 (2324 turns).

Inarius the Ruffian (Ghoul Monk)                    Turns: 2324, Time: 00:06:13

Health: -9/46      AC:  6    Str: 14 (16) XL:     5   Next: 49%
Magic:  4/4        EV: 16    Int:  3 (5)  God:
Gold:   142        SH:  3    Dex: 13 (16) Spells: 4/4 levels left

rFire    . . .     SeeInvis .     - Unarmed
rCold    + . .     Gourm    .   f - +0 buckler
rNeg     + + +     Faith    .   o - +0 ring mail
rPois    ∞         Spirit   .   (no helmet)
rElec    .         Reflect  .   (no cloak)
rCorr    .         Harm     .   m - +0 pair of gloves
MR       .....                  (no boots)
Stlth    ++........             (no amulet)
HPRegen  0.00/turn              (no ring)
MPRegen  0.09/turn              (no ring)

@: agile, rotting, hasted, very quick
A: rotting body, claws 1, carnivore, cold resistance 1, negative energy
resistance 3, inhibited regeneration, torment resistance, unbreathing
a: no special abilities


You were on level 3 of the Dungeon.
You were not hungry.

You visited 1 branch of the dungeon, and saw 3 of its levels.

You collected 142 gold pieces.

Inventory:

Armour
 f - a +0 buckler (worn)
 m - a +0 pair of gloves (worn)
 o - a +0 ring mail (worn)
Wands
 l - a wand of paralysis (4)
Scrolls
 a - a scroll of teleportation {unknown}
 c - a scroll of blinking {unknown}
 d - 5 scrolls of identify {unknown}
 e - a scroll of fear {unknown}
 g - 2 scrolls of remove curse {unknown}
Potions
 i - a potion of might {unknown}
 j - a potion of heal wounds {unknown}
 k - a potion of agility
 n - 2 potions of curing {unknown}
 p - a potion of degeneration
Comestibles
 b - 3 rations


   Skills:
 + Level 3.9 Fighting
 + Level 0.8 Armour
 + Level 3.4 Dodging
 - Level 2.1 Stealth
 + Level 0.4 Shields
 + Level 5.2 Unarmed Combat
 + Level 0.2 Evocations


You had 4 spell levels left.
You didn't know any spells.

Dungeon Overview and Level Annotations

Branches:
Dungeon (3/15)

Altars:
Elyvilon
Qazlal
Wu Jian
Zin

Annotations:
D:3 shakethe's ghost, amateur DsBe


Innate Abilities, Weirdness & Mutations

Your body is rotting away.
You thrive on raw meat.
You are immune to poison.
You have sharp fingernails.
You are carnivorous and can eat meat at any time.
Your flesh is cold resistant. (rC+)
You are immune to negative energy. (rN+++)
You do not regenerate when monsters are visible.
You are immune to unholy pain and torment.
You can survive without breathing.


Message History

You closely miss shakethe's ghost.
Shakethe's ghost is severely damaged.
Shakethe's ghost hits you but does no damage.
You hit shakethe's ghost but do no damage.
Shakethe's ghost is severely damaged.
You hit shakethe's ghost but do no damage.
Shakethe's ghost is severely damaged.
Shakethe's ghost whispers, "Death is liberation."
Shakethe's ghost hits you.
* * * LOW HITPOINT WARNING * * *
Your ring mail prevents you from hitting shakethe's ghost.
Shakethe's ghost is severely damaged.
Shakethe's ghost hits you.
* * * LOW HITPOINT WARNING * * *
You closely miss shakethe's ghost.
Shakethe's ghost is severely damaged.
You barely miss shakethe's ghost.
Shakethe's ghost is severely damaged.
Shakethe's ghost hits you!
You die...

######.###.......).##.##.#
...................##.##.####
..####.###.........##.##..(.#
....##.#<.......#####.#####.#
..#.##.###......# #.# #.####
..#.##.# #......#####.# #....#
..(....# #.##'#.#.....# ####.#
..#.##.# #.....W#.########## #.#
....._.######...@.........)# #.#
##..#..........##.########.# #.#
........######.#.........#.###.##
#...##..## #....##..###.#...#...
#........# #..#.##........#.####
###.##...####..#.###.###.#)#.#<#
#..#.........#.....#...#.#.#.#
...................#.###.#.#.#
##................##.#.# #.#.#.##


You could see shakethe's ghost.

Vanquished Creatures
  An orc priest (D:3)
  2 orc wizards (D:3)
  2 adders
  An ooze (D:1)
  A worm (D:3)
  A dart slug (D:2)
  3 leopard geckos
  2 orcs (D:3)
  6 bats
  A giant cockroach (D:1)
  5 goblins
  13 hobgoblins
  2 quokkas (D:3)
  A ball python (D:2)
  4 frilled lizards
  4 kobolds
  9 rats
58 creatures vanquished.

Notes
Turn   | Place    | Note
-------+----------+-------------------------------------------
     0 | D:1      | Inarius the Ghoul Monk began the quest for the Orb.
     0 | D:1      | Reached XP level 1. HP: 19/19 MP: 0/0
   138 | D:1      | Reached XP level 2. HP: 23/26 MP: 1/1
   508 | D:1      | Reached XP level 3. HP: 24/33 MP: 2/2
   622 | D:1      | Reached skill level 4 in Unarmed Combat
   997 | D:2      | Found an ornate altar of the Wu Jian Council.
  1532 | D:2      | Reached XP level 4. HP: 27/40 MP: 3/3
  1584 | D:2      | Found a glowing silver altar of Zin.
  1705 | D:3      | Found a stormy altar of Qazlal.
  1890 | D:3      | Reached skill level 5 in Unarmed Combat
  1890 | D:3      | Reached XP level 5. HP: 37/46 MP: 4/4
  1976 | D:3      | Found a white marble altar of Elyvilon.
  2064 | D:3      | Noticed shakethe's ghost (amateur DsBe)
  2322 | D:3      | HP: 1/46 [shakethe's ghost (5)]
  2324 | D:3      | Mangled by shakethe's ghost

Skill      XL: |  1  2  3  4 |
---------------+-------------+-----
Dodging        | 3 |  3.4
Unarmed Combat | 4 5 |  5.2
Fighting       | |  3.9
Armour         | |  0.8
Stealth        | |  2.1
Shields        | |  0.4
Evocations     | |  0.2

Action                   |  1- 3 |  4- 6 || total
-------------------------+-------+-------++-------
Melee: Unarmed           |   121 |   119 ||   240
       Punch             |     1 |       ||     1
Evoke: Wand              |       |     7 ||     7
  Use: Potion            |       |     3 ||     3
 Stab: Sleeping          |     2 |       ||     2
       Paralysed         |       |    10 ||    10
  Eat: Chunk             |    17 |    16 ||    33
Armor: Robe              |    21 |       ||    21
       Ring mail         |     6 |    16 ||    22
Dodge: Dodged            |    65 |    42 ||   107
Block: Buckler           |     9 |     5 ||    14
